 Dungeon Crawl Stone Soup version 0.30-a0-457-g4b7bca3bfa (webtiles) character file.

Game seed: 13608161690190144795

33 McMuffin the Sneak (level 3, -1/29 HPs)
             Began as a Demonspawn Delver on Dec 12, 2022.
             Succumbed to an adder's poison
             ... on level 4 of the Dungeon.
             The game lasted 00:02:52 (417 turns).

McMuffin the Sneak (Demonspawn Delver)               Turns: 417, Time: 00:02:53

Health: -1/29      AC:  4    Str: 12    XL:     3   Next: 12%
Magic:  3/3        EV: 12    Int: 11    God:
Gold:   52         SH:  0    Dex: 16    Spells: 2/2 levels left

rFire   . . .      SeeInvis .    a - +0 falchion
rCold   . . .      Faith    .    (no shield)
rNeg    . . .      Spirit   .    b - +0 leather armour
rPois   .          Reflect  .    (no helmet)
rElec   .          Harm     .    (no cloak)
rCorr   .          Rampage  .    (no gloves)
Will    .....                    (no boots)
Stlth   +++.......               (no amulet)
HPRegen 0.24/turn                (no ring)
MPRegen 0.08/turn                (no ring)

@: lethally poisoned (-1 -> -9)
A: rugged brown scales 1, foul stench 1
a: no special abilities


You were on level 4 of the Dungeon.
You visited 1 branch of the dungeon, and saw 2 of its levels.

You collected 52 gold pieces.

Inventory:

Hand Weapons
 a - a +0 falchion (weapon)
Missiles
 k - 6 atropa-tipped darts (quivered)
 q - 3 silver javelins
Armour
 b - a +0 leather armour (worn)
 n - a +0 chain mail
 o - a +0 chain mail
Wands
 g - a wand of digging (3)
Scrolls
 d - a scroll of magic mapping
 e - 3 scrolls of fear
 h - a scroll of identify {unknown}
 i - 2 scrolls of teleportation {unknown}
 l - a scroll of enchant weapon {unknown}
 p - a scroll of enchant armour {unknown}
Potions
 f - a potion of haste
 j - 2 potions of invisibility {unknown}
 m - a potion of heal wounds {unknown}


   Skills:
 + Level 3.2 Fighting
 + Level 2.2 Long Blades
 + Level 0.3 Armour
 + Level 1.8 Dodging
 + Level 5.1 Stealth


You had 2 spell levels left.
You didn't know any spells.
Your spell library was empty.

Dungeon Overview and Level Annotations

Branches:
Dungeon (5/15)
 Temple: D:4-7

Altars:
Nemelex Xobeh
Qazlal


Innate Abilities, Weirdness & Mutations

You are partially covered in rugged brown scales. (AC +1, +3% HP)
You may rarely emit foul miasma when damaged in melee.


Message History

You miss the adder.
You feel sick. The adder bites you but does no damage.
The adder barely misses you. The ball python barely misses you.
The ball python grabs you. The ball python constricts you.
You hit the adder.
The adder is heavily wounded.
You feel sick. The adder closely misses you.
The ball python completely misses you. The ball python constricts you.
You closely miss the ball python.
You feel sick. The adder bites you. The ball python closely misses you.
The ball python constricts you. The adder bites you.
You are more poisoned.
The adder poisons you! The ball python barely misses you.
The ball python constricts you.
You closely miss the adder.
The adder is heavily wounded.
You feel sick. The adder bites you.
You are lethally poisoned!
The adder poisons you!
You emit a cloud of foul miasma!
The ball python bites you.
* * * LOW HITPOINT WARNING * * *
You emit a cloud of foul miasma!
The ball python constricts you.
As you read the scroll of fog, it crumbles to dust.
The scroll dissolves into smoke.
* * * LOW HITPOINT WARNING * * *
You feel sick.
The adder is engulfed in dark miasma.
The adder is poisoned.
The adder bites you.
* * * LOW HITPOINT WARNING * * *
The ball python is engulfed in dark miasma.
The ball python is poisoned.
You kill the ball python!
The adder is engulfed in dark miasma.
The adder looks even sicker.
The adder seems to slow down.
You kill the adder!
Your Long Blades skill increases to level 2!
You have reached level 3!
Your experience leads to an increase in your attributes!
Increase (S)trength, (I)ntelligence, or (D)exterity?
You feel agile. x2; Your demonic ancestry asserts itself...
Rugged brown scales grow over part of your body.
You die...

....)#. #..... #
##....### .# ### #
#.......###.### ..
#.##.............) #
##................ #
....._..8.._..#.##.##
# #....§○§....#
#...####
#.#..@§§..###
........ #.#§§§§§§§##
#...####
#...§§..§§§.#
#.......
.#.#.#§..##.##
#..#####
.[...#...#...###..# #
..#.# #............#
# .#..
##..#.#.###.###### ##
#.).###.>.....)..
#....#.######.###


There were no monsters in sight!

Vanquished Creatures
  2 adders (D:4)
  An ufetubus (D:4)
  An orc (D:4)
  2 goblins (D:4)
  2 quokkas (D:4)
  A ball python (D:4)
9 creatures vanquished.

Notes
Turn   | Place    | Note
-------+----------+-------------------------------------------
     0 | D:5      | McMuffin the Demonspawn Delver began the quest for the Orb.
     0 | D:5      | Reached XP level 1. HP: 18/18 MP: 1/1
     9 | D:5      | Noticed a hound
    14 | D:4      | Noticed a howler monkey
   112 | D:4      | Gained mutation: You may rarely emit foul miasma when
                  | damaged in melee. [demonic ancestry]
   112 | D:4      | Reached XP level 2. HP: 20/24 MP: 2/2
   151 | D:4      | Reached skill level 5 in Stealth
   372 | D:4      | Found a stormy altar of Qazlal.
   376 | D:4      | Found a sparkling altar of Nemelex Xobeh.
   416 | D:4      | HP: 1/24 [adder (3)]
   417 | D:4      | Gained mutation: You are partially covered in rugged brown
                  | scales. (AC +1, +3% HP) [demonic ancestry]
   417 | D:4      | Reached XP level 3. HP: 1/29 MP: 3/3
   417 | D:4      | Succumbed to an adder's poison

Illustrated notes

Levels and vault maps discovered:
D:4:      layout_loops_ring, grunt_temple_overflow_open
D:5:      layout_loops_ring, minmay_temple_entry_mini_moons, minivault_11,
          grunt_decor_one_mirror, uniq_sigmund

Skill      XL: |  1  2 |
---------------+-------+-----
Stealth        | 5 |  5.1
Long Blades    | 2 |  2.2
Fighting       | |  3.2
Armour         | |  0.3
Dodging        | |  1.8

Action                   || total
-------------------------++-------
Melee: Falchion          ||    32
Throw: Dart              ||     2
  Use: Scroll            ||     1
 Stab: Sleeping          ||     2
Armor: Leather armour    ||    11
Dodge: Dodged            ||    30

Table legend: (Time is in decaauts)
 A = Elapsed time spent in this place.
 B = Non-inter-level travel time spent in this place.
 C = Inter-level travel time spent in this place.
 D = Time resting spent in this place.
 E = Time spent auto-exploring this place.
 F = Levels seen in this place.
 G = Mean time per level.
                   A        B        C        D        E       F      G
               +--------+--------+--------+--------+--------+-----+--------+
         Total |    423 |    423 |      0 |    100 |     86 |   2 |  211.5 |
       Dungeon |    423 |    423 |      0 |    100 |     86 |   2 |  211.5 |
               +--------+--------+--------+--------+--------+-----+--------+

Top non-repeatable levels by time:
     D:4: 410 daAuts
     D:5: 13 daAuts
